 Dungeon Crawl Stone Soup version 0.31-a0-1084-gb392501acf (webtiles) character file.

Game seed: 4916775754919446352

2310 GenChuck the Thaumaturge (level 9, -8/55 HPs)
             Began as a Djinni Fire Elementalist on Nov 28, 2023.
             Was a Follower of Qazlal.
             Shot with a sling bullet by Joseph (13 damage)
             ... on level 7 of the Dungeon on Nov 29, 2023.
             The game lasted 01:27:20 (4983 turns).

GenChuck the Thaumaturge (Djinni Fire Elementalist) Turns: 4983, Time: 01:27:21

Health: -8/55      AC:  5    Str:  7    XL:     9   Next: 68%
Gold:   287        EV: 14    Int: 20    God:    Qazlal [*.....] SH:  1 Dex: 21

rFire   + + .        D - +4 spear "Veron" {vamp, *Rage Dex+6 Stlth+}
rCold   . . .        (no shield)
rNeg    . . .        F - +1 leather armour {rC+}
rPois   ∞            (no helmet)
rElec   .            (no cloak)
rCorr   .            z - +0 pair of gloves
SInv    .            (boots unavailable)
Will    ++...        (no amulet)
Stlth   ++++         h - ring of willpower
HPRegen 0.29/turn    y - ring of willpower
MPRegen 0.00/turn

%: random rage (20%), infuse magic (-9 HP)
@: flying
A: sickness immunity, fire resistance 2, cold vulnerability 1, float, innate
caster, HP casting, extra vitality 1
a: Renounce Religion


You were on level 7 of the Dungeon.
You worshipped Qazlal.
Qazlal was aware of your devotion.
You visited 1 branch of the dungeon, and saw 7 of its levels.
You also visited: Bailey.

You collected 287 gold pieces.

Inventory:

Hand Weapons
 g - a +0 dagger
 j - a +1 shortbow of flaming
 n - a +2 heavy mace
 v - a +2 vampiric short sword
 D - the +4 spear "Veron" (weapon) {vamp, *Rage Dex+6 Stlth+}
   (You found it on level 6 of the Dungeon)

   Dex+6:     It affects your dexterity (+6).
   *Rage:     It berserks you when you make melee attacks (+20% chance).
   Stlth+:    It makes you more stealthy.
Missiles
 r - 6 poisoned darts
Armour
 a - a +0 robe
 o - a +1 leather armour
 z - a +0 pair of gloves (worn)
 F - a +1 leather armour of cold resistance (worn)
Magical Staves
 t - a staff of cold
 E - a staff of conjuration
Jewellery
 h - a ring of willpower (left hand)
 w - a ring of protection from fire
 y - a ring of willpower (right hand)
 B - a +6 ring of dexterity
Scrolls
 c - a scroll of enchant armour
 d - 2 scrolls of vulnerability {unknown}
 e - 2 scrolls of poison {unknown}
 k - a scroll of noise {unknown}
 m - a scroll of brand weapon {unknown}
 u - a scroll of acquirement {unknown}
 A - a scroll of enchant weapon {unknown}
 C - a scroll of immolation {unknown}
Potions
 f - 6 potions of curing
 i - 3 potions of degeneration {unknown}
 l - 3 potions of brilliance {unknown}
 p - 2 potions of attraction {unknown}
 q - a potion of mutation
 s - a potion of enlightenment {unknown}
 x - a potion of haste {unknown}


   Skills:
 - Level 0.3 Short Blades
 - Level 0.3 Armour
 + Level 4.3 Dodging
 + Level 3.7 Stealth
 - Level 0.4 Unarmed Combat
 * Level 8.8 Spellcasting
 * Level 8.8 Conjurations
 * Level 8.8 Hexes
 * Level 8.8 Summonings
 * Level 8.8 Necromancy
 * Level 8.8 Translocations
 * Level 8.8 Transmutations
 * Level 8.8 Fire Magic
 * Level 8.8 Ice Magic
 * Level 8.8 Air Magic
 * Level 8.8 Earth Magic
 * Level 8.8 Poison Magic


You knew the following spells:

 Your Spells              Type           Power      Damage    Failure   Level
a - Foxfire               Conj/Fire      100%       2x1d9     1%          1
b - Scorch                Fire           88%        2d8       1%          2
c - Volatile Blastmotes   Fire/Tloc      88%        2d17      1%          3
d - Inner Flame           Hex/Fire       44%        N/A       1%          3
e - Flame Wave            Conj/Fire      44%        2d11      3%          4
f - Shock                 Conj/Air       100%       1d9       1%          1
g - Call Imp              Summ           88%        N/A       1%          2
h - Stone Arrow           Conj/Erth      88%        3d12      1%          3
i - Cause Fear            Hex            22%        N/A       3%          4
Your spell library was empty.

Dungeon Overview and Level Annotations

Branches:
Dungeon (7/15)             Bailey (visited)
 Temple: D:4-7

Altars:
Makhleb
Qazlal
Zin

Shops:
D:5 =

Annotations:
D:2 1 runed translucent door, Crazy Yiuf
D:4 Pikel
D:7 Joseph, Prince Ribbit


Innate Abilities, Weirdness & Mutations

You are immune to sickness and miasma.
You are immune to poison.
Your flesh is very heat resistant. (rF++)
You are vulnerable to cold. (rC-)
You float through the air rather than walking.
You learn spells naturally, not from books.
Your magical power is your life essence.
You have superior vitality. (+4 MHP)


Message History

The wight hits you from afar with a +3 halberd!
You swap places.
The centaur shoots an arrow.
The arrow barely misses you.
The wight hits your cerulean imp with a +2 long sword.
The centaur shoots an arrow.
The arrow completely misses you.
Your cerulean imp closely misses the wight.
You feel better.
The centaur shoots an arrow.
The arrow hits you. The wight completely misses you.
The wight hits your cerulean imp with a +2 long sword!
Your cerulean imp dies!
Your cerulean imp disappears in a puff of smoke!
Casting: Flame Wave (dangerous; 3% risk of failure)
Press: ? - help, Q - select action, (/) - cycle Dir - look around, f - activate A wave of flame ripples out! (Press . to intensify the flame waves.)
The centaur shoots an arrow.
The arrow misses you.
Prince Ribbit blinks!
The wight hits you from afar with a +3 halberd!
* * * LOW HITPOINT WARNING * * *
The centaur shoots an arrow.
The arrow misses you.
As you read the scroll of teleportation, it crumbles to dust.
You feel strangely unstable.
The centaur shoots an arrow.
The arrow hits you but does no damage. The wight closely misses you.
The wight hits you with a +2 long sword.
* * * LOW HITPOINT WARNING * * *
The wight attacks as it pursues you! The wight closely misses you.
Your surroundings suddenly seem different.
Joseph, a white imp, a water moccasin and 4 orcs come into view.
Found a leather armour, a throwing net and a scroll labelled ZICOWN SIELL.
A white imp comes into view.
The orc priest shouts!
The orc shouts!
Joseph shouts!
The white imp shouts!
Joseph unwields a +0 quarterstaff.
Joseph wields a +2 sling of freezing.
It is covered in frost.
Joseph shoots a sling bullet.
The sling bullet misses you.
You hear a shout!
Found a stone staircase leading down.
The orc priest begins to cast a cantrip, but forgets the words!
Joseph shoots a sling bullet.
The sling bullet closely misses you.
The orc shouts!
The water moccasin hisses angrily.
A hornet comes into view.
Joseph shoots a sling bullet.
The sling bullet hits you!
You die...

#.......y.
#.......... #
#......5... #>
#..........
#..##..........
+. ............
#.###..........
#.....@○...#
###...5...####
..........#
..........#
..........#
...@..[.o.#
..........#
.......So.#
....##oo?..


You could see Joseph, a hornet (asleep), a water moccasin, an orc priest, an orc
wizard and 2 white imps.

Vanquished Creatures
  An orc knight (Bailey)
  Eustachio (D:6)
  5 orc warriors (Bailey)
  2 ice beasts
  An ogre (D:5)
  4 centaurs
  A kobold brigand (D:7)
  A scorpion (D:5)
  2 hounds (D:6)
  A jelly (D:5)
  A sleepcap (D:6)
  An iguana (D:5)
  Natasha (thrice) (D:2)
  Terence (D:2)
  4 gnolls (D:6)
  8 adders
  A white imp (D:6)
  2 ufetubi (D:3)
  A worm (D:3)
  15 orcs
  8 ball pythons
  2 bats
  4 endoplasms
  2 giant cockroaches (D:1)
  6 goblins
  9 hobgoblins
  5 quokkas
  7 frilled lizards
  8 kobolds
  8 rats
115 creatures vanquished.

Vanquished Creatures (collateral kills)
  An orc warrior (Bailey)
  An endoplasm (D:4)
2 creatures vanquished.

Vanquished Creatures (others)
  265 foxfires
265 creatures vanquished.

Grand Total: 382 creatures vanquished

Notes
Turn   | Place    | Note
-------+----------+-------------------------------------------
     0 | D:1      | GenChuck the Djinni Fire Elementalist began the quest for
                  | the Orb.
     0 | D:1      | GenChuck set off with the following spells memorised:
                  | Foxfire, Scorch, Volatile Blastmotes, Inner Flame, Flame
                  | Wave.
     0 | D:1      | Reached XP level 1. HP: 15/15 MP: 0/0
    53 | D:1      | Found a faded altar of an unknown god.
   238 | D:1      | Reached XP level 2. HP: 20/21 MP: 0/0
   744 | D:1      | Reached XP level 3. HP: 21/25 MP: 0/0
   744 | D:1      | Learned a level 1 spell: Shock
  1114 | D:2      | Noticed Natasha
  1119 | D:2      | Killed Natasha
  1120 | D:2      | Reached XP level 4. HP: 28/31 MP: 0/0
  1166 | D:2      | Noticed Terence
  1181 | D:2      | Killed Terence
  1332 | D:2      | Found a runed translucent door.
  1333 | D:2      | Noticed Crazy Yiuf
  1495 | D:2      | Noticed Natasha
  1501 | D:2      | Killed Natasha
  1502 | D:2      | Reached XP level 5. HP: 34/35 MP: 0/0
  1502 | D:2      | Learned a level 2 spell: Call Imp
  1630 | D:2      | Found a burning altar of Makhleb.
  1746 | D:2      | Noticed Natasha
  1757 | D:2      | Killed Natasha
  2453 | D:4      | Reached XP level 6. HP: 36/40 MP: 0/0
  2462 | D:4      | Noticed Pikel
  2791 | D:5      | Entered Level 5 of the Dungeon
  2902 | D:5      | Found Folovuc's Jewellery Shoppe.
  3006 | D:5      | Noticed an ogre
  3158 | D:5      | Killed an ogre
  3159 | D:5      | Reached skill level 5 in Spellcasting
  3159 | D:5      | Reached skill level 5 in Conjurations
  3159 | D:5      | Reached skill level 5 in Hexes
  3159 | D:5      | Reached skill level 5 in Summonings
  3159 | D:5      | Reached skill level 5 in Necromancy
  3159 | D:5      | Reached skill level 5 in Translocations
  3159 | D:5      | Reached skill level 5 in Transmutations
  3159 | D:5      | Reached skill level 5 in Fire Magic
  3159 | D:5      | Reached skill level 5 in Ice Magic
  3159 | D:5      | Reached skill level 5 in Air Magic
  3159 | D:5      | Reached skill level 5 in Earth Magic
  3159 | D:5      | Reached skill level 5 in Poison Magic
  3159 | D:5      | Reached XP level 7. HP: 41/45 MP: 0/0
  3159 | D:5      | Learned a level 3 spell: Stone Arrow
  3404 | D:6      | Found a glowing silver altar of Zin.
  3600 | D:6      | Identified the +4 spear "Veron" {vamp, *Rage Dex+6 Stlth+}
  3627 | D:6      | Reached XP level 8. HP: 29/50 MP: 0/0
  3825 | D:6      | Found a stormy altar of Qazlal.
  3831 | D:6      | Noticed Eustachio
  3914 | D:6      | Killed Eustachio
  4076 | D:6      | Became a worshipper of Qazlal Stormbringer
  4435 | D:7      | Found a flagged portal.
  4439 | Bailey   | Entered a bailey
  4466 | Bailey   | Reached XP level 9. HP: 40/55 MP: 0/0
  4466 | Bailey   | Learned a level 4 spell: Cause Fear
  4723 | Bailey   | Noticed an orc knight
  4729 | Bailey   | Reached * piety under Qazlal
  4730 | Bailey   | Killed an orc knight
  4841 | Bailey   | Found a large runed translucent door.
  4841 | Bailey   | Found a large runed translucent door.
  4842 | Bailey   | Noticed a deep elf pyromancer
  4973 | D:7      | Noticed Prince Ribbit
  4980 | D:7      | Noticed Joseph
  4983 | D:7      | Noticed a hornet
  4983 | D:7      | Shot with a sling bullet by Joseph

Illustrated notes

Levels and vault maps discovered:
D:1:      dpeg_arrival_pond, layout_loops_ring,
          hellmonk_ecumenical_altar_inner_sanctum, minmay_misc_feat_hallway,
          hex_tiny, corexii_hall_statues_x, dreamdust_princess_bridge
D:2:      layout_basic, basic_altar, minivault_5, minmay_tiny_reverse_x,
          uniq_natasha, uniq_terence, uniq_crazy_yiuf_cottage
D:3:      layout_basic
D:4:      layout_rooms, mainiacjoe_overflow_small_starburst, kennysheep_mini,
          dk_noncrumbling_2, hangedman_decor_growths, uniq_pikel
D:5:      layout_rooms, serial_shops, nicolae_stop_n_shop_2
D:6:      layout_rooms, nicolae_overflow_crystal_walls,
          mainiacjoe_overflow_tiny_flanked, uniq_eustachio
D:7:      layout_basic, mainiacjoe_overflow_alcove_1,
          hellmonk_okawaru_the_only_friend_you_need,
          minmay_temple_entry_glassed_door, enter_bailey_1, uniq_prince_ribbit1,
          uniq_joseph

Skill      XL: |  1  2  3  4  5  6  7  8  9 |
---------------+----------------------------+-----
Spellcasting   | 4 5 6 7 8 |  8.8
Conjurations   | 4 5 6 7 8 |  8.8
Hexes          | 4 5 6 7 8 |  8.8
Summonings     | 4 5 6 7 8 |  8.8
Necromancy     | 4 5 6 7 8 |  8.8
Translocations | 4 5 6 7 8 |  8.8
Transmutations | 4 5 6 7 8 |  8.8
Fire Magic     | 4 5 6 7 8 |  8.8
Ice Magic      | 4 5 6 7 8 |  8.8
Air Magic      | 4 5 6 7 8 |  8.8
Earth Magic    | 4 5 6 7 8 |  8.8
Poison Magic   | 4 5 6 7 8 |  8.8
Stealth        | 2 3 |  3.7
Dodging        | 3 4 |  4.3
Short Blades   | |  0.3
Armour         | |  0.3
Unarmed Combat | |  0.4

Action                     |  1- 3 |  4- 6 |  7- 9 || total
---------------------------+-------+-------+-------++-------
  Melee: Unarmed           |     7 |       |       ||     7
         Dagger            |     6 |       |       ||     6
         Staff             |       |     2 |     1 ||     3
   Cast: Foxfire           |    37 |    92 |    35 ||   164
         Shock             |     1 |     4 |    18 ||    23
         Scorch            |       |     4 |    14 ||    18
         Call Imp          |       |     3 |    12 ||    15
         Inner Flame       |       |     1 |     9 ||    10
         Volatile Blastmot |       |     1 |     2 ||     3
         Stone Arrow       |       |       |    19 ||    19
         Flame Wave        |       |       |     2 ||     2
         Cause Fear        |       |       |     1 ||     1
    Use: Scroll            |       |     7 |     1 ||     8
         Potion            |       |       |     3 ||     3
 Armour: Robe              |     6 |       |       ||     6
         Leather armour    |       |    23 |    51 ||    74
  Dodge: Dodged            |    14 |    20 |    48 ||    82

Table legend: (Time is in decaauts)
 A = Elapsed time spent in this place.
 B = Non-inter-level travel time spent in this place.
 C = Inter-level travel time spent in this place.
 D = Time resting spent in this place.
 E = Time spent auto-exploring this place.
 F = Levels seen in this place.
 G = Mean time per level.
                   A        B        C        D        E       F      G
               +--------+--------+--------+--------+--------+-----+--------+
         Total |   4977 |   4790 |    187 |   1162 |   2219 |   8 |  622.1 |
       Dungeon |   4446 |   4259 |    187 |    885 |   2147 |   7 |  635.1 |
        Bailey |    530 |    530 |      0 |    277 |     72 |   1 |  530.0 |
               +--------+--------+--------+--------+--------+-----+--------+

Top non-repeatable levels by time:
     D:6: 1048 daAuts
     D:1: 1037 daAuts
     D:2: 864 daAuts
     D:3: 613 daAuts
  Bailey: 530 daAuts
     D:5: 417 daAuts
     D:4: 272 daAuts
     D:7: 194 daAuts
